Map: Battle on the Boardwalk LE

Players

Asakura - Winner!

  • Race: Terran Terran
  • League: Platinum
  • Spawn Location: 1:00

Juxtapose

  • Race: Zerg Zerg
  • League: Gold
  • Spawn Location: 11:00

VOD

https://youtu.be/bu3pUwWanGw

Description

I always struggle as Zerg versus Terran, as I never really know how to crack their turtling. As such, I learned a lot from this match.

I think I had the right idea with the Nydus Network, but the terrain on this map was problematic.

I also didn't get proper anti-air for far too long, though my opponent took forever to take advantage of that glaring weakness.

I'm also not experienced with Vipers, and this was my first real use of Parasitic Bomb. I can't believe how much damage it does!

Time

  • Played on: Dec. 21, 2017, 7:54 p.m.
  • Length: 24:16
Show
View Real Time Build Order
Export as new Build Order

Asakura Terran - Winner!

Build Orders: Reaper Expand, Bio Tank 

Get SALT Encoding   

  12  0:01  SCV  
  13  0:13  SCV  
  14  0:17  Supply Depot  
  14  0:25  Refinery  
  15  0:28  SCV  
  15  0:40  SCV  
  16  0:49  Barracks  
  16  0:52  SCV  
  17  1:04  SCV  
  18  1:21  SCV  
  19  1:38  Reaper  
  20  1:40  Command Center  
  20  1:45  Orbital Command  
  20  2:02  Refinery  
  20  2:14  SCV  
  21  2:24  Barracks Tech Lab  
  21  2:27  SCV  
  21  2:28  Factory  
  22  2:35  Supply Depot  
  22  2:38  Barracks  
  22  2:42  SCV  
  22  2:59  Stimpack  
  22  3:00  Orbital Command  
  22  3:08  Marine  
  23  3:14  Factory Tech Lab  
  23  3:24  SCV  
  24  3:31  Marine x2  
  26  3:36  SCV  
  26  3:38  Command Center  
  26  3:39  Siege Tank  
  30  3:46  SCV  
  31  3:49  Marine  
  31  3:50  Barracks Reactor  
  31  3:51  SCV  
  33  3:58  SCV  
  33  4:02  Refinery  
  34  4:03  SCV  
  34  4:06  Marine  
  36  4:16  Orbital Command  
  34  4:24  Marine  
  35  4:35  Siege Tank  
  35  4:36  SCV  
  39  4:40  Starport  
  39  4:42  SCV  
  39  4:44  Marine  
  41  4:46  Marine x2  
  41  4:48  SCV  
  45  4:54  Orbital Command  
  45  4:55  SCV  
  45  4:59  Refinery, Combat Shields  
  45  5:00  SCV  
  45  5:02  Marine  
  48  5:07  SCV  
  48  5:12  SCV  
  49  5:16  Marine, Siege Tank  
  49  5:17  Medivac  
  49  5:19  SCV  
  56  5:24  SCV x2  
  58  5:30  Marine  
  58  5:31  Marine, SCV  
  61  5:36  Refinery  
  61  5:41  Engineering Bay  
  61  5:45  Supply Depot  
  61  5:47  Supply Depot  
  61  6:06  Viking, SCV x3  
  66  6:12  Refinery  
  66  6:18  SCV x2  
  66  6:19  SCV  
  69  6:26  Supply Depot, Concussive Shells  
  69  6:28  Marine x2, Marauder  
  69  6:31  SCV x3  
  76  6:34  Factory  
  76  6:38  Factory  
  76  6:43  SCV  
  76  6:44  Supply Depot, Missile Turret  
  77  6:48  Supply Depot x2, SCV x2, Siege Tank  
  77  6:52  Marine x3, Missile Turret  
  85  7:00  Terran Infantry Armor Level 1  
  85  7:01  Armory  
  85  7:06  SCV x3  
  88  7:10  Supply Depot  
  88  7:11  Supply Depot, Marauder  
  88  7:12  Marine, Missile Turret  
  88  7:13  Supply Depot  
  91  7:16  Starport Reactor  
  91  7:18  SCV x3  
  91  7:19  Factory Tech Lab  
  91  7:20  Siege Tank  
  97  7:26  Starport  
  97  7:30  SCV  
  98  7:37  SCV  
  98  7:39  SCV  
  98  7:43  SCV  
  101  7:48  Marine x3, Supply Depot  
  101  7:49  Starport  
  104  8:00  SCV  
  104  8:01  SCV  
  106  8:06  Marine x2  
  106  8:07  Marauder  
  109  8:24  Marine x2  
  111  8:28  Marauder  
  111  8:29  Siege Tank x2  
  111  8:30  Factory Tech Lab  
  119  8:42  Marine x2  
  121  8:50  Marauder  
  123  9:01  SCV, Siege Tank x2  
  130  9:03  SCV  
  130  9:05  Marine, SCV  
  133  9:11  Marauder  
  135  9:33  Siege Tank  
  135  9:34  Command Center  
  108  10:02  SCV  
  108  10:05  Marine  
  110  10:08  Marine, Siege Tank x2  
  110  10:09  Marauder, Liberator x3  
  117  10:23  Marine  
  117  10:26  Marine  
  117  10:28  Siege Tank  
  131  10:30  Marauder  
  131  10:32  SCV  
  134  10:40  Marine, Siege Tank x2  
  134  10:42  Starport  
  141  10:45  SCV  
  141  10:46  SCV  
  141  10:49  Marine  
  144  10:51  Marauder, Liberator  
  144  10:53  Bunker  
  146  11:09  Medivac  
  146  11:10  Medivac  
  153  11:13  Marauder  
  155  11:31  Sensor Tower  
  155  11:45  Planetary Fortress, Medivac x3  
  155  11:46  Supply Depot  
  161  11:51  Medivac  
  163  12:14  Command Center  
  163  12:15  Marine x2, Medivac, Marauder  
  169  12:33  Marine x2  
  169  12:36  Marauder  
  173  12:50  Marine  
  174  12:51  Marine  
  174  12:52  SCV  
  174  12:56  Refinery  
  174  12:57  Refinery  
  174  12:58  Marauder  
  178  13:08  Marine  
  178  13:09  Marine  
  180  13:18  Fusion Core  
  180  13:21  Missile Turret  
  180  13:25  SCV x3  
  180  13:26  Marauder  
  185  13:29  Supply Depot  
  185  13:38  SCV  
  186  13:52  Supply Depot  
  183  14:16  Supply Depot  
  174  14:48  Marine  
  174  14:49  Marine x2  
  132  14:52  Viking  
  132  14:53  Viking x2  
  132  14:54  Thor, Siege Tank  
  132  14:55  Thor  
  153  15:06  Marine  
  153  15:07  Marine, Marauder  
  157  15:14  Medivac  
  157  15:17  Weapon Refit  
  158  15:24  Marine x2  
  158  15:26  Thor  
  166  15:29  Marauder  
  168  15:37  Thor  
  168  15:38  Hellbat  
  176  15:59  Siege Tank  
  179  16:09  Siege Tank  
  182  16:20  Siege Tank  
  185  16:31  Siege Tank  
  187  16:41  Siege Tank  
  187  16:43  Orbital Command  
  171  17:27  Marine x3  
  157  17:44  Marine x3  
  157  17:49  SCV  
  161  18:02  Marine x3  
  164  18:08  Starport Tech Lab  
  164  18:09  SCV  
  165  18:20  Marine  
  165  18:21  Marine, Marauder  
  145  18:38  Marine  
  145  18:39  Marine  
  135  18:42  Marauder  
  120  18:55  Siege Tank  
  120  18:56  Marine x2  
  113  19:03  Marauder  
  113  19:05  Banshee  
  113  19:07  Banshee  
  119  19:14  Marine x2  
  116  19:24  Marine  
  116  19:27  Siege Tank  
  120  19:31  Marine  
  120  19:32  Marine  
  118  19:42  Marine  
  119  19:48  Banshee  
  119  19:49  Marine  
  119  19:50  Marine, Banshee  
  127  19:59  Siege Tank  
  130  20:00  Marine, SCV  
  130  20:03  SCV  
  133  20:07  Marine, Viking x2  
  133  20:08  Marine  
  139  20:18  Marine  
  140  20:25  Marine x2  
  142  20:30  Banshee  
  142  20:32  Viking, Siege Tank  
  144  20:36  Marine  
  138  20:43  Marine x2  
  132  20:54  Marauder  
  129  21:00  Marine  
  129  21:01  Marine  
  129  21:02  Banshee  
  129  21:04  Siege Tank  
  136  21:08  Cloaking Field  
  131  21:13  Banshee  
  131  21:15  Marauder  
  124  21:18  Marine  
  124  21:19  Marine  
  124  21:22  Factory Tech Lab  
  121  21:35  SCV  
  121  21:36  Marine x2, Siege Tank  
  121  21:37  Marine  
  121  21:39  Orbital Command, SCV, Factory Tech Lab  
  129  21:45  Banshee  
  129  21:54  Marine x3  
  129  21:56  Banshee  
  125  22:08  Siege Tank  
  128  22:12  Marine x3  
  122  22:28  Banshee  
  122  22:29  Marine  
  123  22:30  Marine x2  
  126  22:39  Banshee  
  126  22:40  Hellion  
  131  22:47  Marine  
  126  23:05  Marine  
  126  23:06  Marine x2  
  126  23:08  Siege Tank x3  
  126  23:11  Banshee  
  140  23:22  Banshee  
  140  23:23  Marine x2  
  140  23:24  Marine  
  142  23:40  Siege Tank x2  
  142  23:41  Marine x3, Hellion  
Show
View Real Time Build Order
Export as new Build Order

Juxtapose Zerg 

Build Orders: Hatch First 

Get SALT Encoding   

  12  0:01  Drone  
  13  0:08  Drone  
  14  0:17  Overlord  
  14  0:35  Drone  
  14  0:36  Drone  
  16  0:51  Hatchery  
  16  0:54  Drone  
  16  1:04  Extractor  
  16  1:06  Drone  
  16  1:16  Spawning Pool  
  15  1:22  Drone  
  16  1:27  Drone  
  17  1:38  Drone x2  
  19  1:50  Drone  
  20  1:55  Overlord  
  20  2:04  Queen  
  20  2:08  Queen  
  24  2:12  Drone  
  24  2:15  Zergling x2  
  25  2:26  Zergling x6  
  28  2:34  Extractor  
  27  2:45  Drone x3  
  30  2:54  Drone x2  
  32  3:01  Drone  
  32  3:02  Drone  
  32  3:04  Queen  
  36  3:12  Roach Warren  
  35  3:19  Drone  
  36  3:20  Overlord  
  36  3:27  Overlord  
  36  3:47  Drone x6  
  36  3:48  Drone x2  
  44  3:56  Lair  
  44  4:02  Evolution Chamber  
  43  4:05  Drone x2  
  45  4:18  Roach x4  
  51  4:40  Extractor  
  51  4:42  Drone, Extractor  
  51  4:43  Drone  
  51  4:44  Overlord x2  
  51  5:00  Infestation Pit  
  51  5:02  Queen  
  51  5:03  Zerg Ground Armor Level 1  
  51  5:04  Drone x2  
  51  5:05  Drone  
  55  5:15  Drone x3  
  55  5:16  Drone x6  
  64  5:24  Ravager x2  
  66  5:31  Overlord x2  
  66  5:34  Overseer x2  
  66  5:36  Overseer  
  66  5:41  Overseer  
  66  5:48  Hive  
  66  5:58  Hatchery  
  65  6:08  Roach x2  
  65  6:09  Roach x3  
  65  6:10  Overlord x2  
  75  6:11  Overlord  
  75  6:33  Roach x5  
  75  6:36  Infestor x3  
  91  6:40  Burrow  
  91  7:03  Ultralisk Cavern  
  91  7:06  Zerg Missile Weapons Level 1  
  90  7:16  Drone  
  90  7:17  Drone x3  
  90  7:18  Roach x3  
  90  7:19  Roach  
  102  7:37  Pathogen Glands  
  102  7:51  Infestor, Drone  
  104  7:53  Overlord x3  
  104  7:55  Chitinous Plating  
  105  8:21  Ultralisk x2  
  117  8:39  Drone x5  
  122  8:41  Extractor  
  122  8:43  Extractor  
  113  8:56  Spore Crawler  
  113  9:00  Spore Crawler  
  111  9:03  Ultralisk x2  
  111  9:04  Zergling x8  
  111  9:05  Drone x2  
  111  9:08  Zerg Melee Weapons Level 1  
  129  9:23  Metabolic Boost  
  129  9:27  Overlord  
  129  9:28  Overlord x4  
  89  9:53  Roach x6  
  89  9:54  Ultralisk, Roach x2  
  80  10:10  Drone x5  
  81  10:15  Viper  
  81  10:19  Drone x4  
  81  10:20  Drone x4  
  92  10:39  Drone  
  92  10:40  Drone  
  94  10:48  Infestor x2  
  98  10:50  Roach  
  98  10:51  Roach x2  
  98  10:56  Drone  
  105  11:06  Spore Crawler  
  108  11:11  Roach x4  
  108  11:12  Roach  
  108  11:13  Infestor  
  116  11:36  Drone x6  
  122  11:50  Ultralisk x2  
  122  11:52  Infestor x4  
  134  11:55  Drone  
  135  12:11  Viper  
  138  12:15  Overlord  
  138  12:16  Overlord x2  
  138  12:37  Overlord x2  
  138  12:38  Overlord  
  138  12:43  Viper  
  138  12:44  Viper x2  
  138  12:51  Infestor x5  
  147  12:59  Zergling x10  
  147  13:02  Hatchery  
  150  13:58  Zerg Ground Armor Level 2  
  150  14:05  Nydus Network  
  149  14:10  Zergling x2  
  149  14:11  Zergling x14  
  149  14:12  Zergling x8  
  149  14:13  Zergling x10  
  149  14:14  Zergling x4  
  168  14:21  Overseer  
  168  14:22  Overseer x2  
  168  14:27  Hatchery  
  162  14:45  Ultralisk x3  
  180  14:46  Ultralisk  
  186  14:55  Overseer  
  186  14:56  Overseer x2  
  186  15:57  Drone x3  
  186  16:02  Pneumatized Carapace  
  189  16:13  Zerg Missile Weapons Level 2  
  189  16:17  Nydus Canal  
  109  18:03  Ultralisk x4  
  109  18:04  Infestor x4  
  109  18:05  Viper x4  
  144  18:09  Zergling x10  
  144  18:10  Infestor  
  135  18:34  Zergling x2  
  135  18:35  Zergling x8, Roach  
  135  18:36  Roach x4  
  135  18:38  Overlord x5  
  135  18:39  Overlord x3  
  124  18:49  Roach  
  124  18:50  Roach x3  
  115  19:23  Extractor  
  104  19:28  Extractor  
  89  19:43  Roach x3  
  89  19:44  Infestor x2, Roach x4  
  77  19:46  Zergling x12  
  77  19:47  Zergling x4  
  81  20:11  Overlord  
  81  20:12  Ultralisk  
  81  20:13  Zergling x2  
  81  20:14  Zergling x14  
  91  20:15  Zergling x4  
  97  20:35  Hatchery  
  84  20:41  Ultralisk  
  77  20:43  Zergling x12  
  77  20:44  Zergling x8  
  77  20:54  Roach x3  
  77  20:55  Roach x2  
  84  20:57  Ultralisk  
  82  21:15  Hydralisk Den  
  78  21:25  Roach x7  
  88  21:35  Queen  
  90  21:45  Hydralisk x3  
  88  21:51  Queen  
  88  21:53  Queen  
  89  21:54  Queen  
  78  22:07  Hydralisk x3  
  66  22:27  Queen  
  66  22:28  Queen, Hydralisk  
  66  22:29  Hydralisk x2  
  67  22:30  Queen  
  64  22:41  Extractor  
  58  22:44  Extractor  
  48  22:58  Zergling x2  
  48  22:59  Zergling x12  
  48  23:00  Zergling x4  
Tags
 
Add a new tag
Caveats
  • Supply blocks, unpowered buildings, or Contaminate may cause inaccurate times.
  • Supply counts are checked every 10 seconds.